 Dungeon Crawl Stone Soup version 0.30.1-11-g7821555f0a (webtiles) character file.

Game seed: 6420987171257634045

112151 booth the Grappler (level 16, -2/151 (161) HPs)
             Began as a Troll Fighter on Jan 2, 2024.
             Was a High Priest of Okawaru.
             Slain by a spectral eight-headed hydra (9 damage)
             ... called from beyond by a ghost crab
             ... on level 2 of the Swamp on Jan 7, 2024.
             The game lasted 04:08:19 (27611 turns).

booth the Grappler (Troll Fighter)                 Turns: 27611, Time: 04:08:20

HP:   -2/151 (161)  AC: 21    Str: 30    XL:     16   Next: 11%
MP:   0/22          EV: 13    Int:  4    God:    Okawaru [*****.]
Gold: 1240          SH: 20    Dex: 13    Spells: 15/15 levels left

rFire   + . .        T - +8 whip "Snakebite" {venom, curare, rPois}
rCold   . . .        b - +2 kite shield
rNeg    + . .        C - +3 steam dragon scales
rPois   +            Q - +2 hat of the Bear Spirit {Spirit, Bear, *Rage Will++}
rElec   .            u - +2 cloak {rCorr}
rCorr   +            (gloves unavailable)
SInv    .            (boots unavailable)
Will    +++..        y - amulet "Rapten" {Reflect rN+ Str+2 Int-2 SH+5}
Stlth   +++          h - +4 ring of protection
HPRegen 1.25/turn    t - ring of protection from fire
MPRegen 0.18/turn

%: random rage (20%), reflection, guardian spirit
@: heroic, on berserk cooldown, drained
A: large, unfitting armour, claws 3, regeneration 1, shaggy fur 1, tough skin 1
a: Renounce Religion, Heroism, Finesse, Duel


You were on level 2 of the Swamp.
You worshipped Okawaru.
Okawaru was extremely pleased with you.
You visited 5 branches of the dungeon, and saw 25 of its levels.
You also visited: Ossuary.

You collected 2051 gold pieces.
You spent 811 gold pieces at shops.

Inventory:

Hand Weapons
 n - the +8 whip of Courage {speed, Int+4}
   (You found it on level 15 of the Dungeon)

   Int:       It affects your intelligence (+4).
 r - a +0 giant spiked club
 B - a +4 demon whip of venom
 S - the +3 great mace of the Puffin {drain, *Slow Str+3 Dex+6}
   (Okawaru gifted it to you on level 1 of the Lair of Beasts)

   Str:       It affects your strength (+3).
   Dex:       It affects your dexterity (+6).
   *Slow:     It may slow you when you take damage.
 T - the +8 whip "Snakebite" (weapon) {venom, curare, rPois}
   (You found it on level 2 of the Lair of Beasts)

   rPois:     It protects you from poison.
Missiles
 d - 4 silver javelins
 e - 2 boomerangs of dispersal
 o - 5 atropa-tipped darts
 x - 9 boomerangs
 E - 45 poisoned darts
 I - a throwing net
 L - 8 curare-tipped darts
 N - 3 javelins
 R - a silver boomerang
 V - 6 datura-tipped darts
 Z - 6 large rocks (quivered)
Armour
 b - a +2 kite shield (worn)
 u - a +2 cloak of preservation (worn)
 C - +3 steam dragon scales (worn)
 K - a +2 hat of stealth
 Q - the +2 hat of the Bear Spirit (worn) {Spirit, Bear, *Rage Will++}
   (You bought it in a shop on level 3 of the Dungeon)

   Bear:      Going berserk makes the wearer exceptionally tough, and they are
   slowed for a shorter time afterward.
   *Rage:     It berserks you when you make melee attacks (+20% chance).
   Will:      It greatly increases your willpower.
Jewellery
 h - a +4 ring of protection (left claw)
 i - a ring of resist corrosion
 t - a ring of protection from fire (right claw)
 y - the amulet "Rapten" (around neck) {Reflect rN+ Str+2 Int-2 SH+5}
   (You acquired it on level 8 of the Dungeon)

   [amulet of reflection]

   It reflects blocked missile attacks.
   Str:       It affects your strength (+2).
   Int:       It affects your intelligence (-2).
   rN:        It protects you from negative energy.
   SH:        It affects your SH (+5).
 J - a ring of flight
 P - a ring of willpower
 W - a ring of see invisible
Wands
 f - a wand of digging (1)
 s - a wand of iceblast (36)
 A - a wand of polymorph (11)
 F - a wand of flame (13)
 H - a wand of light (21)
Scrolls
 a - a scroll of acquirement
 l - 4 scrolls of magic mapping
 m - 6 scrolls of amnesia
 p - 11 scrolls of teleportation
 v - 3 scrolls of blinking
 w - 5 scrolls of fog
 O - 10 scrolls of identify
 Y - a scroll of fear
Potions
 c - 5 potions of might
 g - 2 potions of ambrosia
 j - 9 potions of curing
 k - 2 potions of heal wounds
 q - 2 potions of resistance
 z - a potion of cancellation
 D - 3 potions of invisibility
 G - 4 potions of flight
 M - 8 potions of haste
 U - 2 potions of lignification
 X - a potion of attraction


   Skills:
 + Level 10.7(15.7) Fighting
 + Level 11.1(16.1) Maces & Flails
 + Level 9.9(14.9) Throwing
 + Level 4.6(9.6) Armour
 - Level 5.4(10.4) Dodging
 - Level 10.6(15.6) Shields
 + Level 14.3(19.3) Unarmed Combat
 + Level 9.3 Invocations


You had 15 spell levels left.
You didn't know any spells.
Your spell library contained the following spells:

 Spells                   Type           Power      Damage    Failure   Level
 Kiss of Death            Conj/Necr      0%         2d5       61%         1
 Ensorcelled Hibernation  Hex/Ice        0%         N/A       75%         2
 Lesser Beckoning         Tloc           0%         N/A       75%         2
 Passwall                 Tmut/Erth      0%         N/A       75%         2
 Confusing Touch          Hex            0%         N/A       93%         3
 Frozen Ramparts          Ice            0%         1d1       93%         3
 Gell's Gravitas          Tloc           0%         N/A       93%         3
 Ozocubu's Armour         Ice            0%         N/A       93%         3
 Portal Projectile        Hex/Tloc       0%         N/A       93%         3
 Swiftness                Air            0%         N/A       93%         3
 Teleport Other           Tloc           0%         N/A       93%         3
 Dispel Undead            Necr           0%         3d6       100%        4
 Fulminant Prism          Conj/Hex       0%         3d5       100%        4
 Passage of Golubria      Tloc           0%         N/A       100%        4
 Blade Hands              Tmut           0%         N/A       100%        5
 Borgnjor's Vile Clutch   Necr/Erth      0%         N/A       100%        5
 Yara's Violent Unravell  Hex/Tmut       0%         3d3       100%        5
 Dispersal                Tloc           0%         N/A       100%        6
 Ozocubu's Refrigeration  Ice            0%         4d7       100%        7
 Maxwell's Capacitive Co  Air            0%         ∞         100%        8
 Necromutation            Tmut/Necr      0%         N/A       100%        8
 Polar Vortex             Ice            0%         N/A       100%        9
 Tukima's Dance           Hex            Unusable   N/A       N/A         3
 Animate Armour           Summ/Erth      Unusable   N/A       N/A         4
 Animate Dead             Necr           Unusable   N/A       N/A         4

Dungeon Overview and Level Annotations

Branches:
Dungeon (15/15)            Temple (1/1) D:5            Lair (5/5) D:8
  Swamp (2/4) Lair:3        Snake (0/4) Lair:2        Slime (0/5) Lair:4
    Orc (2/2) D:10            Elf (0/3) Orc:2        Vaults (0/5) D:14
 Depths (0/4) D:15        Ossuary (visited)

Altars:
Ashenzari
Cheibriados
Dithmenos
Elyvilon
Fedhas
Gozag
Hepliaklqana
Kikubaaqudgha
Makhleb
Nemelex Xobeh
Okawaru
Qazlal
Ru
Sif Muna
Trog
Uskayaw
Vehumet
Wu Jian
Xom
Yredelemnul
Zin
The Shining One
Jiyva

Shops:
D:3 [   D:11 [   Orc:2 *:*[

Portals:
Pandemonium: Orc:2

Annotations:
D:11 2 transporters, laqueoix's ghost, journeyman DjGl
D:15 3 runed translucent doors, turdburglar's ghost, adept HOMo
Lair:3 2 runed translucent doors, laqueoix's ghost, journeyman DjGl
Lair:5 3 runed translucent doors, angrytalen3's ghost, journeyman MiGl


Innate Abilities, Weirdness & Mutations

You are too large for most types of armour.
You have claws for hands.
Your natural rate of healing is unusually fast.
You are covered in fur. (AC +1)
You have tough skin. (AC +1)


Message History

* * * LOW HITPOINT WARNING * * *
The four-headed hydra bites you but does no damage.
The spectral fenstrider witch closely misses you.
The spectral fenstrider witch kicks you but does no damage.
A bog body comes into view.
The spectral eight-headed hydra bites you but does no damage. x4
You block the spectral eight-headed hydra's attack.
The spectral eight-headed hydra barely misses you.
The spectral eight-headed hydra closely misses you.
The spectral eight-headed hydra misses you.
The spectral spriggan air mage barely misses you.
You are engulfed in spectral mist.
You block the vampire mosquito's attack. x2
You block the spectral fenstrider witch's attack.
The spectral fenstrider witch kicks you.
* * * LOW HITPOINT WARNING * * *
The vampire mosquito bites you.
* * * LOW HITPOINT WARNING * * *
The vampire mosquito draws strength from your injuries!
The ghost crab closely misses you. The ghost crab misses you.
The vampire mosquito barely misses you.
The will-o-the-wisp is engulfed in spectral mist.
The four-headed hydra is engulfed in spectral mist.
The four-headed hydra barely misses you.
The four-headed hydra bites you!
* * * LOW HITPOINT WARNING * * *
The four-headed hydra bites you!
* * * LOW HITPOINT WARNING * * *
The four-headed hydra bites you.
* * * LOW HITPOINT WARNING * * *
The spectral spriggan air mage hits you but does no damage.
The spectral eight-headed hydra bites you but does no damage.
You block the spectral eight-headed hydra's attack.
The spectral eight-headed hydra bites you but does no damage. x2
The spectral eight-headed hydra barely misses you.
The spectral eight-headed hydra bites you!
* * * LOW HITPOINT WARNING * * *
The spectral eight-headed hydra barely misses you.
The spectral eight-headed hydra bites you!
You die...

.~~~..
.~§~..♣
~~~~~..
~~~~~..
~~~~~○○
.~§~~§Z♣♣
.~~~○☼ZZ♣♣
~~~~○vD@Z♣
~~~~~☼yty♣
..~~Z~§n.§♣
~~.♣.~~~.♣♣
~. ♣..~..♣ .
...~..(.
~n~.~..~~.
.~.....(...
...$..###.~.


You could see a four-headed hydra (very poisoned), a ghost crab, a spectral
eight-headed hydra (summoned), a spectral death drake (summoned), 2 spectral
spriggan air magi, a spectral fenstrider witch (summoned), a will-o-the-wisp, 2
bog bodies and 2 vampire mosquitoes.

Vanquished Creatures
  Gastronok (D:8)
  2 eleionomae (Swamp:1)
  Nessos (Lair:5)
  2 bunyips (Swamp:2)
  Snorg (D:10)
  Erolcha (Orc:1)
  An ice dragon (D:12)
  11 hydras
  4 vault guards (D:14)
  A ghost crab (Swamp:1)
  A catoblepas (Lair:5)
  3 demonspawn (Orc:2)
  3 centaur warriors
  4 boulder beetles
  4 two-headed ogres
  3 orc high priests (Orc:2)
  Urug (Orc:1)
  6 tengu warriors
  4 death yaks (Lair:3)
  Nergalle (Orc:1)
  Amaemon (Lair:2)
  A skyshark (Lair:3)
  A soul eater (Orc:2)
  A sun demon (Orc:2)
  9 skeletal warriors
  A goliath frog (Swamp:2)
  A sixfirhy (Orc:2)
  A deep troll (D:15)
  2 lindwurms
  5 wizards
  2 bog bodies (Swamp:1)
  2 deep elf pyromancers
  8 orc knights
  A necromancer (D:15)
  8 orc sorcerers
  5 manticores
  A salamander (Lair:2)
  3 cyclopes
  5 ugly things
  2 will-o-the-wisps (Swamp:1)
  7 black mambas
  16 elephants
  An orange demon (Lair:2)
  A rust devil (Orc:2)
  3 gargoyles
  15 cane toads
  Joseph (D:7)
  Maggie (D:8)
  8 komodo dragons
  8 kobold demonologists
  A rime drake (shapeshifter) (D:14)
  2 unseen horrors
  3 rime drakes
  A tengu conjurer (D:13)
  An efreet (D:15)
  6 polar bears
  2 tyrant leeches
  5 trolls
  5 hornets
  A meliai (shapeshifter) (D:8)
  Prince Ribbit (D:7)
  8 blink frogs
  6 dream sheep (Lair:4)
  9 slime creatures
  3 spriggans (Swamp:1)
  A centaur simulacrum (D:14)
  A spriggan (shapeshifter) (D:15)
  5 wyverns
  A shadow (D:9)
  A vampire (D:11)
  A wraith (D:12)
  36 yaks
  3 steam dragons
  5 basilisks
  4 swamp worms
  Grum (D:8)
  13 vampire mosquitoes
  19 water moccasins
  A warg (Orc:2)
  4 acid dragons
  An ice beast (D:4)
  31 orc warriors
  A sky beast (D:7)
  2 black bears
  6 ogres
  9 wolves
  10 centaurs
  3 phantoms
  3 elf zombies (Ossuary)
  9 kobold brigands
  2 gnoll sergeants
  9 bullfrogs
  2 scorpions
  12 wights
  10 killer bees
  7 howler monkeys (D:8)
  4 electric eels (D:10)
  4 lava snakes (Lair:2)
  6 hounds
  2 human zombies
  3 jellies
  27 orc priests
  Crazy Yiuf (D:2)
  3 iguanas
  15 orc wizards
  2 mummies (Ossuary)
  19 gnolls
  10 adders
  A shadow imp (D:7)
  3 white imps
  2 ufetubi
  An adder zombie (Ossuary)
  3 worms
  2 dart slugs (D:1)
  76 orcs
  3 endoplasms
  5 giant cockroaches
  7 hobgoblins
  10 jackals
  3 quokkas
  7 ball pythons
  3 bats
  5 frilled lizards
  A goblin (D:2)
  4 goblin zombies
  18 hobgoblin zombies (Ossuary)
  2 jackal zombies (Ossuary)
  13 kobolds
  3 kobold zombies (Ossuary)
  5 orc zombies (Ossuary)
  8 rats
  A rat zombie (D:5)
725 creatures vanquished.

Vanquished Creatures (others)
  An orc sorcerer (Orc:2)
  3 bloated husks
  A swamp worm (Swamp:2)
  2 orc wizards
  A quokka (D:3)
  14 foxfires (Swamp:1)
22 creatures vanquished.

Grand Total: 747 creatures vanquished

Notes
Turn   | Place    | Note
-------+----------+-------------------------------------------
     0 | D:1      | booth the Troll Fighter began the quest for the Orb.
     0 | D:1      | Reached XP level 1. HP: 22/22 MP: 0/0
   103 | D:1      | Reached XP level 2. HP: 29/29 MP: 1/1
   251 | D:1      | Found a faded altar of an unknown god.
   343 | D:1      | Reached XP level 3. HP: 36/36 MP: 2/2
  1171 | D:2      | Found a runed translucent door.
  1172 | D:2      | Noticed Crazy Yiuf
  1470 | D:2      | Identified the +4 ring mail of Edanax {rN+ Will+ rCorr
                  | Str+3}
  1732 | D:2      | Killed Crazy Yiuf
  1733 | D:2      | Reached skill level 3 in Unarmed Combat
  1733 | D:2      | Reached XP level 4. HP: 39/44 MP: 3/3
  1820 | D:3      | Noticed a phantom
  1834 | D:3      | Killed a phantom
  1835 | D:3      | Reached XP level 5. HP: 44/53 MP: 4/4
  1997 | D:3      | Found Zurief's Armour Boutique.
  2212 | D:3      | Found a white marble altar of Elyvilon.
  2908 | D:4      | Found a shimmering blue altar of Sif Muna.
  2918 | D:4      | Reached skill level 4 in Unarmed Combat
  2968 | D:4      | Reached XP level 6. HP: 49/61 MP: 5/5
  3076 | D:4      | Noticed an ice beast
  3091 | D:4      | Killed an ice beast
  3092 | D:4      | Reached skill level 1 in Maces & Flails
  3115 | D:4      | Noticed a water moccasin
  3150 | D:4      | Killed a water moccasin
  3151 | D:4      | Reached XP level 7. HP: 54/67 MP: 6/6
  3206 | D:4      | You fall into a shaft and drop 1 floor!
  3206 | D:5      | Entered Level 5 of the Dungeon
  3297 | D:5      | Reached skill level 5 in Unarmed Combat
  3372 | D:5      | Found a sand-covered staircase.
  3402 | Ossuary  | Entered an ossuary
  3958 | D:5      | Reached XP level 8. HP: 62/78 MP: 7/7
  4044 | D:5      | Found a staircase to the Ecumenical Temple.
  4098 | D:5      | Reached skill level 6 in Unarmed Combat
  4109 | Temple   | Entered the Ecumenical Temple
  4118 | Temple   | Became a worshipper of Warmaster Okawaru
  4845 | D:5      | Reached skill level 5 in Shields
  4987 | D:5      | Reached skill level 7 in Unarmed Combat
  5624 | D:6      | Reached * piety under Okawaru
  5847 | D:6      | Reached XP level 9. HP: 85/85 MP: 8/8
  6206 | D:6      | Reached skill level 5 in Fighting
  6226 | D:6      | Reached skill level 5 in Dodging
  6637 | D:7      | Reached ** piety under Okawaru
  6638 | D:7      | Reached skill level 8 in Unarmed Combat
  6715 | D:7      | Noticed Prince Ribbit
  6735 | D:7      | Killed Prince Ribbit
  7002 | D:7      | Noticed Joseph
  7021 | D:7      | Killed Joseph
  7290 | D:7      | Identified the staff of earth "Itzithro" {rC+ Str+4}
  7671 | D:8      | Reached *** piety under Okawaru
  7672 | D:8      | Reached XP level 10. HP: 83/96 MP: 9/9
  7857 | D:8      | Identified a scroll of acquirement
  7863 | D:8      | Acquired the amulet "Rapten" {Reflect rN+ Str+2 Int-2 SH+5}
  7893 | D:8      | Noticed Gastronok
  7947 | D:8      | Killed Gastronok
  7947 | D:8      | Reached **** piety under Okawaru
  7948 | D:8      | Reached skill level 5 in Maces & Flails
  7948 | D:8      | Reached skill level 1 in Throwing
  7948 | D:8      | Reached skill level 9 in Unarmed Combat
  8212 | D:8      | Reached ***** piety under Okawaru
  8252 | D:8      | Reached skill level 10 in Unarmed Combat
  8347 | D:8      | Found a staircase to the Lair.
  8445 | D:8      | Noticed Grum
  8453 | D:8      | Killed Grum
  8459 | D:8      | Identified the +0 hat of Understanding {Fly MP-9 Dex+5
                  | SInv} (Okawaru gifted it to you on level 8 of the Dungeon)
  8459 | D:8      | Received a gift from Okawaru
  8477 | D:8      | Noticed a gargoyle
  8511 | D:8      | Killed a gargoyle
  8512 | D:8      | Reached XP level 11. HP: 25/106 MP: 1/10
  8735 | D:8      | Noticed Maggie
  8754 | D:8      | Killed Maggie
  9839 | D:10     | Entered Level 10 of the Dungeon
  9889 | D:10     | Found a snail-covered altar of Cheibriados.
  9900 | D:10     | Reached skill level 1 in Invocations
 10102 | D:10     | Noticed a two-headed ogre
 10124 | D:10     | Killed a two-headed ogre
 10380 | D:10     | Noticed Snorg
 10576 | D:10     | Found an ornate altar of the Wu Jian Council.
 11266 | D:10     | Found a staircase to the Orcish Mines.
 11372 | D:10     | Received a gift from Okawaru
 11429 | D:10     | Killed Snorg
 11430 | D:10     | Reached skill level 11 in Unarmed Combat
 11745 | Lair:1   | Entered Level 1 of the Lair of Beasts
 12241 | D:3      | Bought the +2 hat of the Bear Spirit {Spirit, Bear, *Rage
                  | Will++} for 383 gold pieces
 12241 | D:3      | Found the +2 hat of the Bear Spirit {Spirit, Bear, *Rage
                  | Will++}
 12552 | Lair:1   | Identified the +3 great mace of the Puffin {drain, *Slow
                  | Str+3 Dex+6} (Okawaru gifted it to you on level 1 of the
                  | Lair of Beasts)
 12552 | Lair:1   | Received a gift from Okawaru
 13352 | Lair:2   | Noticed Amaemon
 13352 | Lair:2   | Found a staircase to the Snake Pit.
 13368 | Lair:2   | Reached XP level 12. HP: 118/118 MP: 13/13
 13403 | Lair:2   | Killed Amaemon
 13404 | Lair:2   | Reached skill level 5 in Throwing
 13790 | Lair:2   | Found the +8 whip "Snakebite" {venom, curare, rPois}
 13933 | Lair:2   | Noticed a boulder beetle
 13961 | Lair:2   | Killed a boulder beetle
 14446 | Lair:3   | Received a gift from Okawaru
 14522 | Lair:3   | Noticed a four-headed hydra
 14522 | Lair:3   | Noticed a four-headed hydra
 14538 | Lair:3   | Killed a four-headed hydra
 14555 | Lair:3   | Killed a four-headed hydra
 14654 | Lair:3   | Reached skill level 5 in Invocations
 14671 | Lair:3   | Reached ****** piety under Okawaru
 14704 | Lair:3   | Received a gift from Okawaru
 14745 | Lair:3   | Found a large runed translucent door.
 14745 | Lair:3   | Found a large runed translucent door.
 14748 | Lair:3   | Noticed laqueoix's ghost (journeyman DjGl)
 14815 | Lair:3   | Noticed a seven-headed hydra
 14831 | Lair:3   | Killed a seven-headed hydra
 14842 | Lair:3   | Reached XP level 13. HP: 127/127 MP: 12/15
 14860 | Lair:3   | Received a gift from Okawaru
 14962 | Lair:3   | Received a gift from Okawaru
 14963 | Lair:3   | Reached skill level 12 in Unarmed Combat
 15362 | Lair:3   | Identified the +0 robe "Pin Tab" {rF+} (Okawaru gifted it
                  | to you on level 3 of the Lair of Beasts)
 15362 | Lair:3   | Received a gift from Okawaru
 15809 | Lair:3   | Found a staircase to the Swamp.
 16341 | Lair:4   | Found a viscous altar of Jiyva.
 16348 | Lair:4   | Found a staircase to the Slime Pits.
 16714 | Lair:4   | Identified the +9 flail of Orybaepy {vamp, rC- rN+ Will+}
 16982 | Lair:5   | Entered Level 5 of the Lair of Beasts
 17306 | Lair:5   | Noticed Nessos
 17313 | Lair:5   | Killed Nessos
 17481 | Lair:5   | Reached skill level 10 in Shields
 17481 | Lair:5   | Reached XP level 14. HP: 140/140 MP: 16/18
 17559 | Lair:5   | Received a gift from Okawaru
 17808 | Lair:5   | Received a gift from Okawaru
 17871 | Lair:5   | Found a runed translucent gate.
 17871 | Lair:5   | Found a runed translucent gate.
 17871 | Lair:5   | Found a runed translucent gate.
 17871 | Lair:5   | Noticed an azure jelly
 17872 | Lair:5   | Noticed an acid blob
 17872 | Lair:5   | Noticed an acid blob
 17873 | Lair:5   | Found a viscous altar of Jiyva.
 17873 | Lair:5   | Noticed an acid blob
 17873 | Lair:5   | Noticed angrytalen3's ghost (journeyman MiGl)
 17873 | Lair:5   | Noticed an acid blob
 17873 | Lair:5   | Noticed an acid blob
 17873 | Lair:5   | Noticed a quicksilver ooze
 17873 | Lair:5   | Noticed an azure jelly
 17874 | Lair:5   | Noticed an azure jelly
 18570 | D:11     | Found a transporter.
 18575 | D:11     | Found a bloodstained altar of Trog.
 18577 | D:11     | Noticed laqueoix's ghost (journeyman DjGl)
 18611 | D:11     | Found a transporter.
 18826 | D:11     | Found Mooliby's Armour Emporium.
 19143 | D:12     | Reached skill level 13 in Unarmed Combat
 19218 | D:12     | Received a gift from Okawaru
 19306 | D:12     | Got the Discourse on Frozen Shapeshifting
 19986 | D:12     | Got the Lessons on the Caves and the Fair Folk
 20440 | D:13     | Got the Almanac of Dark Anemomancy
 20636 | D:13     | Reached skill level 1 in Armour
 20724 | D:13     | Received a gift from Okawaru
 20971 | D:13     | Reached skill level 10 in Maces & Flails
 21259 | D:14     | Identified the staff of fire "Janucih" {rF+ Int+4 Stlth-}
 21434 | D:14     | Received a gift from Okawaru
 21466 | D:14     | Reached XP level 15. HP: 133/149 MP: 16/20
 22366 | D:14     | Reached skill level 10 in Fighting
 22446 | D:14     | Found a gate to the Vaults.
 22499 | D:15     | Entered Level 15 of the Dungeon
 22588 | D:15     | Received a gift from Okawaru
 22658 | D:15     | Found a runed translucent gate.
 22660 | D:15     | Found a runed translucent gate.
 22930 | D:15     | Identified the +8 whip of Courage {speed, Int+4}
 23196 | D:15     | Found a runed translucent gate.
 23197 | D:15     | Noticed turdburglar's ghost (adept HOMo)
 23403 | D:15     | Found a staircase to the Depths.
 23740 | Orc:1    | Entered Level 1 of the Orcish Mines
 23746 | Orc:1    | Noticed Erolcha
 23785 | Orc:1    | Killed Erolcha
 23986 | Orc:1    | Noticed Nergalle
 24007 | Orc:1    | Killed Nergalle
 24219 | Orc:2    | Entered Level 2 of the Orcish Mines
 24348 | Orc:1    | Noticed Urug
 24366 | Orc:1    | Killed Urug
 24582 | Orc:2    | Found a staircase to the Elven Halls.
 25066 | Orc:2    | Found Sukli's General Store.
 25419 | Orc:2    | Found Niaqeaph's General Store.
 25488 | Orc:2    | Bought 2 potions of heal wounds for 140 gold pieces
 25548 | Orc:2    | Bought a scroll of fog for 72 gold pieces
 25548 | Orc:2    | Bought a potion of curing for 54 gold pieces
 25548 | Orc:2    | Bought a scroll of teleportation for 54 gold pieces
 25548 | Orc:2    | Bought 2 potions of curing for 108 gold pieces
 25606 | Orc:2    | Reached skill level 14 in Unarmed Combat
 26010 | Orc:2    | Found Rusiajil's Book Emporium.
 26010 | Orc:2    | Found Ziegy's Antique Armour Shoppe.
 26010 | Orc:2    | Found a one-way gate leading to the halls of Pandemonium.
 26516 | Swamp:1  | Entered Level 1 of the Swamp
 26532 | Swamp:1  | Identified the +5 robe of Genijeob {rCorr} (Okawaru gifted
                  | it to you on level 1 of the Swamp)
 26532 | Swamp:1  | Received a gift from Okawaru
 26790 | Swamp:1  | Reached XP level 16. HP: 161/161 MP: 21/21
 27611 | Swamp:2  | HP: 7/151 [spectral eight-headed hydra[a ghost crab] (7)]
 27611 | Swamp:2  | Slain by a spectral eight-headed hydra

Illustrated notes

Levels and vault maps discovered:
D:1:      tarquinn_simple_flora_water_e, layout_rooms,
          dreamdust_ecumenical_altar_statues, st_stairs_5
D:2:      minmay_angry_zag, layout_loops_corners, uniq_crazy_yiuf_cottage
D:3:      layout_rooms, elyvilon_altar_4, serial_shops,
          nicolae_shop_advertising_works [nicolae_subvault_shop_adworks]
D:4:      layout_basic, nicolae_overflow_crystal_walls, serial_corexii_hall,
          corexii_hall_statues_x, chequers_hall_statues_corner_a
D:5:      layout_basic, minmay_temple_entry_purple_smoke, enter_ossuary_3,
          lightli_minifort
D:6:      layout_basic, chequers_serial_rivers_micro_e
D:7:      layout_basic, minivault_10, small_statue_intersection,
          uniq_prince_ribbit1, uniq_joseph
D:8:      minmay_blocky_corners, layout_loops_ring, erik_lair_dragon,
          grunt_ogre_cave, uniq_grum, uniq_gastronok, uniq_maggie
D:9:      layout_long_grid, lightli_orcish_oven
D:10:     layout_small_grid, nicolae_wu_jian_wuxing_cycle, lemuel_round_altar,
          erik_orc_2, uniq_snorg
D:11:     layout_rooms, gammafunk_ghost_wrathful_warriors, serial_shops,
          nicolae_lakefront_shop, st_stairs_6
D:12:     layout_loops_ring, minivault_28
D:13:     layout_irregular_city, portal_ice_cave_entry_pillars_1,
          nicolae_two_hexagons
D:14:     layout_rooms, grunt_vaults_entry_fortified, moated_statue
D:15:     hangedman_depths_entry_civil_slaughter, layout_small_grid,
          gammafunk_ghost_hydra_chop, minmay_tree_intersection,
          minmay_misc_feat_cross
Temple:   nicolae_temple_no_exploring_needed
Lair:1:   layout_cave_pods
Lair:2:   minmay_guarded_unrand_snakebite, layout_gridlike,
          nicolae_snake_entry_warm_welcome, pdpol_lair_neglected_garden,
          uniq_amaemon
Lair:3:   layout_long_grid, palyth_hydra_swamp_entry,
          ebering_ghost_disaster_area, chequers_serial_rivers_small_3,
          cheibrodos_lair_lostbears
Lair:4:   layout_misc_corridors, slime_entry_1, small_statue_intersection,
          eino_small_chamber_without_monster
Lair:5:   hangedman_lair_in_review, layout_loops_ring, gammafunk_ghost_ooze,
          uniq_nessos
Swamp:1:  layout_basic_swamp, serial_swamp_ruin, evilmike_swamp_ruin_house_5,
          hangedman_swamp_ruin_wall, infiniplex_staircase_pool
Swamp:2:  nicolae_swamp_decorative_isthmus, layout_basic_swamp,
          evilmike_swamp_ruin_rubble_1, swamp_pool5, beargit_kiku_chapel
Orc:1:    layout_diamond_mine, basic_altar, uniq_erolcha, uniq_urug,
          uniq_nergalle
Orc:2:    pf_orc_diabolical, layout_diamond_mine, special_room

Skill      XL: |  1  2  3  4  5  6  7  8  9 10 11 12 13 14 15 |
---------------+----------------------------------------------+-----
Shields        | 3 4 5 6 7 8 9 10 | 10.6
Unarmed Combat | 3 4 5 7 8 10 11 12 13 14 | 14.3
Fighting       | 3 4 5 6 7 8 9 10 | 10.7
Dodging        | 3 4 5 |  5.4
Maces & Flails | 1 2 3 4 5 7 8 9 10 11 | 11.1
Throwing       | 3 4 6 7 8 9 |  9.9
Invocations    | 3 5 6 8 9 |  9.3
Armour         | 1 4 |  4.6

Action                     |  1- 3 |  4- 6 |  7- 9 | 10-12 | 13-15 | 16-18 || total
---------------------------+-------+-------+-------+-------+-------+-------++-------
  Melee: Unarmed           |    89 |   144 |   461 |   610 |  1102 |       ||  2406
         Whip              |       |       |       |    78 |   132 |    89 ||   299
         Demon whip        |       |       |       |       |    56 |       ||    56
  Throw: Boomerang         |       |       |    36 |   150 |    97 |       ||   283
         Dart              |       |       |       |       |    10 |       ||    10
         Javelin           |       |       |       |       |     4 |       ||     4
         Large rock        |       |       |       |       |    63 |     4 ||    67
 Invoke: Heroism           |       |       |       |     6 |    17 |     2 ||    25
         Finesse           |       |       |       |       |     1 |       ||     1
  Evoke: Wand              |       |       |     1 |       |     2 |     1 ||     4
    Use: Scroll            |     5 |     6 |    13 |     8 |     8 |     1 ||    41
         Potion            |       |       |     2 |     7 |     5 |     1 ||    15
   Stab: Sleeping          |       |       |       |     1 |       |       ||     1
 Armour: Robe              |    19 |    57 |   210 |    28 |       |       ||   314
         Steam dragon scal |       |       |       |   205 |   393 |    70 ||   668
         Skin              |       |       |       |     1 |       |       ||     1
  Dodge: Dodged            |    23 |    49 |   165 |   240 |   366 |    62 ||   905
  Block: Kite shield       |    29 |    68 |   239 |   440 |   864 |    94 ||  1734
         Reflection        |       |       |       |     1 |    24 |       ||    25
